 Dungeon Crawl Stone Soup version 0.28.0-53-g5a82cb258f (webtiles) character file.

Game seed: 1983180249793763852

81 hawla the Chopper (level 4, -1/37 HPs)
             Began as a Minotaur Gladiator on Aug 23, 2022.
             Slain by a gnoll
             ... wielding a +0 club
              (7 damage)
             ... on level 3 of the Dungeon.
             The game lasted 00:03:26 (2161 turns).

hawla the Chopper (Minotaur Gladiator)              Turns: 2161, Time: 00:03:26

Health: -1/37      AC:  5    Str: 20    XL:     4   Next: 20%
Magic:  3/3        EV: 12    Int:  5    God:
Gold:   44         SH:  0    Dex: 12    Spells: 3/3 levels left

rFire   . . .      SeeInvis .   a - +1 war axe
rCold   . . .      Faith    .   (no shield)
rNeg    . . .      Spirit   .   k - +0 ring mail
rPois   .          Reflect  .   c - +0 hat
rElec   .          Harm     .   (no cloak)
rCorr   .          Rampage  .   (no gloves)
Will    .....                   (no boots)
Stlth   +.........              h - amulet of magic regeneration
HPRegen 0.12/turn               (no ring)
MPRegen 0.48/turn               (no ring)

@: no status effects
A: horns 2, retaliatory headbutt
a: no special abilities


You were on level 3 of the Dungeon.
You visited 1 branch of the dungeon, and saw 3 of its levels.

You collected 44 gold pieces.

Inventory:

Hand Weapons
 a - a +1 war axe (weapon)
Missiles
 d - 3 throwing nets (quivered)
Armour
 c - a +0 hat (worn)
 k - a +0 ring mail (worn)
Jewellery
 h - an amulet of magic regeneration (around neck)
Wands
 j - a wand of iceblast (5)
Scrolls
 b - a scroll of enchant armour {unknown}
 f - 3 scrolls of identify
 g - 2 scrolls of magic mapping
 i - a scroll of amnesia
Potions
 e - 5 potions of might


   Skills:
 + Level 2.7 Fighting
 + Level 4.8 Axes
 + Level 2.2 Throwing
 + Level 1.7 Armour
 + Level 4.0 Dodging


You had 3 spell levels left.
You didn't know any spells.
Your spell library was empty.

Dungeon Overview and Level Annotations

Branches:
Dungeon (3/15)

Altars:


Innate Abilities, Weirdness & Mutations

You have a pair of horns on your head.
You reflexively headbutt those who attack you in melee.


Message History

The adder hisses angrily.
Found a stone staircase leading down.
You hit the adder but do no damage. The adder barely misses you.
You furiously retaliate!
You headbutt the adder. You miss the adder.
The adder is heavily wounded.
The adder bites you but does no damage. x2
You hit the adder. Your headbutt misses the adder.
The adder is heavily wounded.
The adder misses you. You furiously retaliate!
You headbutt the adder.
You kill the adder!
No target in view! 2 gnolls come into view.
The gnoll shouts! x2; You hear a shout!
A gnoll comes into view. It is wielding a +0 whip.
There are monsters nearby!
There are monsters nearby!
There are monsters nearby!
A gnoll comes into view. It is wielding a +0 halberd.
The gnoll shouts!
The gnoll hits you with a +0 club.
You closely miss the gnoll. You slash the gnoll!
The gnoll hits you with a +0 club. The gnoll barely misses you.
The gnoll hits you with a +0 club. The gnoll hits you with a +0 whip.
You hit the gnoll.
The gnoll is almost dead.
You hit the gnoll. You completely miss the gnoll.
The gnoll barely misses you. x2
The gnoll closely misses you. The gnoll hits you but does no damage.
You hit the gnoll. Your headbutt misses the gnoll.
The gnoll is almost dead.
You hit the gnoll. You barely miss the gnoll. The gnoll misses you.
You furiously retaliate!
You headbutt the gnoll!
The gnoll hits you from afar with a +0 halberd!
The gnoll barely misses you. The gnoll closely misses you.
You furiously retaliate!
You headbutt the gnoll.
The gnoll hits you from afar with a +0 halberd.
The gnoll hits you but does no damage. The gnoll hits you with a +0 club.
* * * LOW HITPOINT WARNING * * *
The gnoll hits you with a +0 club!
You die...

############
##......>...##
##............##
#..............#
#.......?......#
#..............#
#..........gg..######
#..........g.@.......
.###
##.........g..######.
....
##..........####....
### #######...#.....#
###...##### #...##
#..## #..### ##
#....# #.


You could see 4 gnolls.

Vanquished Creatures
  3 adders
  2 worms (D:2)
  2 dart slugs
  2 ball pythons
  An endoplasm (D:1)
  A giant cockroach (D:2)
  4 goblins
  2 hobgoblins (D:1)
  11 kobolds
  A quokka (D:2)
  9 bats
  2 frilled lizards
  5 rats
45 creatures vanquished.

Notes
Turn   | Place    | Note
-------+----------+-------------------------------------------
     0 | D:1      | hawla the Minotaur Gladiator began the quest for the Orb.
     0 | D:1      | Reached XP level 1. HP: 18/18 MP: 0/0
   476 | D:1      | Reached XP level 2. HP: 21/25 MP: 1/1
  1077 | D:2      | Found a faded altar of an unknown god.
  1168 | D:2      | Reached skill level 1 in Armour
  1168 | D:2      | Reached XP level 3. HP: 30/30 MP: 2/2
  1929 | D:2      | Reached XP level 4. HP: 37/37 MP: 3/3
  2161 | D:3      | Slain by a gnoll

Illustrated notes

Levels and vault maps discovered:
D:1:      dpeg_arrival_renting, layout_basic
D:2:      minmay_kobold_bridge, layout_basic, ebering_ecumenical_altar_box,
          minmay_goblin_kobold_house
D:3:      layout_rooms

Skill      XL: |  1  2  3 |
---------------+----------+-----
Axes           | 4 |  4.8
Armour         | 1 |  1.7
Dodging        | 4 |  4.0
Fighting       | |  2.7
Throwing       | |  2.2

Action                   |  1- 3 |  4- 6 || total
-------------------------+-------+-------++-------
Melee: War axe           |    68 |    12 ||    80
       Headbutt          |     7 |       ||     7
  Use: Scroll            |     2 |     2 ||     4
Armor: Leather armour    |    18 |       ||    18
       Ring mail         |       |     7 ||     7
Dodge: Dodged            |    51 |    13 ||    64
